 Dungeon Crawl Stone Soup version 0.20.1-1-g8b1a95d (webtiles) character file.

118 Kingsmith the Shield-Bearer (level 5, -8/32 HPs)
             Began as a Gargoyle Fighter on Dec 8, 2017.
             Mangled by an ogre
             ... wielding a +0 giant club
              (21 damage)
             ... on level 4 of the Dungeon.
             The game lasted 00:02:19 (1776 turns).

Kingsmith the Shield-Bearer (Gargoyle Fighter)      Turns: 1776, Time: 00:02:20

Health: -8/32      AC: 12    Str: 20    XL:     5   Next: 2%
Magic:  5/5        EV:  7    Int:  9    God:
Gold:   112        SH: 10    Dex:  9    Spells: 4/4 levels left

rFire    . . .     SeeInvis .   a - +0 flail
rCold    . . .     Gourm    .   c - +0 shield
rNeg     + . .     Faith    .   b - +0 scale mail
rPois    ∞         Spirit   .   h - +0 helmet
rElec    +         Reflect  .   (no cloak)
rCorr    .         Harm     .   (no gloves)
MR       .....                  (no boots)
Stlth    ..........             (no amulet)
Regen    0.1/turn               (no ring)
MPRegen  0.1/turn               (no ring)

@: no status effects
A: negative energy resistance 1, electricity resistance, unbreathing,
petrification resistance, rot immunity, AC +4
a: no special abilities


You were on level 4 of the Dungeon.
You were not hungry.

You visited 1 branch of the dungeon, and saw 4 of its levels.

You collected 112 gold pieces.

Inventory:

Hand Weapons
 a - a +0 flail (weapon)
Missiles
 v - 3 tomahawks (quivered)
Armour
 b - a +0 scale mail (worn)
 c - a +0 shield (worn)
 h - a +0 helmet (worn)
Jewellery
 l - an uncursed ring of resist corrosion {unknown}
 n - an uncursed ring of stealth {unknown}
 p - an uncursed ring of magical power {unknown}
 u - an uncursed amulet of faith {unknown}
Wands
 m - a wand of acid (8/15)
Scrolls
 e - a scroll of immolation {unknown}
 g - a scroll of remove curse {unknown}
 k - 3 scrolls of identify {unknown}
 o - a scroll of fear {unknown}
 w - a scroll of blinking {unknown}
Potions
 d - a potion of might
 j - a potion of heal wounds {unknown}
 q - 2 potions of haste {unknown}
 r - a potion of flight {unknown}
Comestibles
 f - 3 bread rations
 i - 4 meat rations
 s - a fruit


   Skills:
 - Level 3.2 Fighting
 - Level 2.0 Maces & Flails
 - Level 3.2 Armour
 + Level 6.0 Shields


You had 4 spell levels left.
You didn't know any spells.

Dungeon Overview and Level Annotations

Branches:
Dungeon (4/15)
 Temple: D:4-7

Altars:
Xom


Innate Abilities, Weirdness & Mutations

You are resistant to torment.
Your stone body is resilient. (AC +4)
You are immune to poison.
You resist negative energy. (rN+)
You are resistant to electric shocks. (rElec)
You can survive without breathing.
You are immune to petrification.
You are immune to rotting.


Message History

You are too injured to fight recklessly!
You are too injured to fight recklessly!
You are too injured to fight recklessly!
You are too injured to fight recklessly!
You are too injured to fight recklessly!
You are too injured to fight recklessly!
You are too injured to fight recklessly!
You are too injured to fight recklessly!
You are too injured to fight recklessly!
You are too injured to fight recklessly!
You are too injured to fight recklessly!
You are too injured to fight recklessly!
The phantom blinks!
All of the chunks of flesh in your inventory have rotted away.
You see here a scroll labeled DUORAA UVAI.
The phantom blinks!
The phantom blinks!
The ogre hits you with a giant club!!
Ouch! That really hurt!
You die...

...# ##..### .....#
#. #..#.# # #.
#..#.##.# ####.#
#......
......###..#.##
...........O..# ###
.......§##.#@.##....
.......?##(#<.......
...§...W#..#..##....
..[.....#.##..# ###
...>....#(##..#
#####.........#
#.###.##### #. #.#
.. ..#


You could see an ogre.

Vanquished Creatures
  A worker ant (D:4)
  An adder (D:2)
  2 oozes
  2 worms
  3 dart slugs
  2 leopard geckos (D:1)
  2 orcs (D:3)
  A ball python (D:1)
  3 giant cockroaches
  4 goblins
  8 hobgoblins
  6 jackals
  6 kobolds
  A quokka (D:2)
  11 bats
  3 frilled lizards
  5 rats
61 creatures vanquished.

Notes
Turn   | Place    | Note
-------+----------+-------------------------------------------
     0 | D:1      | Kingsmith the Gargoyle Fighter began the quest for the Orb.
     0 | D:1      | Reached XP level 1. HP: 14/14 MP: 1/1
   133 | D:1      | Reached XP level 2. HP: 14/19 MP: 2/2
   190 | D:1      | Reached skill level 4 in Shields
   353 | D:1      | Reached XP level 3. HP: 21/23 MP: 3/3
   775 | D:2      | Reached skill level 5 in Shields
  1026 | D:2      | Reached XP level 4. HP: 28/28 MP: 4/4
  1359 | D:3      | Found a shimmering altar of Xom.
  1733 | D:4      | Noticed a phantom
  1739 | D:4      | Noticed a phantom
  1756 | D:4      | Reached skill level 6 in Shields
  1756 | D:4      | Reached XP level 5. HP: 29/32 MP: 5/5
  1761 | D:4      | Noticed an ogre
  1776 | D:4      | Mangled by an ogre

Skill      XL: |  1  2  3  4 |
---------------+-------------+-----
Shields        | 4 5 6 |  6.0
Fighting       | |  3.2
Maces & Flails | |  2.0
Armour         | |  3.2

Action                   |  1- 3 |  4- 6 || total
-------------------------+-------+-------++-------
Melee: Flail             |   132 |   108 ||   240
  Eat: Chunk             |       |     3 ||     3
Armor: Scale mail        |    63 |    59 ||   122
Dodge: Dodged            |    36 |    32 ||    68
Block: Shield            |    66 |    75 ||   141
